Pick #1

Connor Bedard
Pick #2

Leo Carlsson
Pick #3

Adam Fantilli
Pick #4

Matvei Michkov
Pick #5

David Reinbacher
Pick #6

William Smith
Pick #7

Zachary Benson
Pick #8

Ryan Leonard
Pick #9

Gabriel Perreault
Pick #10

Axel Sandin-Pellika
Pick #11

Daniil But
Pick #12

Dalibor Dvorsky
Pick #13

Quentin Musty
Pick #14

Brayden Yager
Pick #15

Dmitry Simashev
Pick #16

Colby Barlow
Pick #17

Andrew Cristall
Pick #18

Easton Cowan
Pick #19

Jacob Fowler
Pick #20

Oliver Moore
Pick #21

Oliver Bonk
Pick #22

Tom Willander
Pick #23

Calum Ritchie
Pick #24

Tanner Molendyk
Pick #25

Gavin Brindley
Pick #26

Nate Danielson
Pick #27

Pick #28

Pick #29

Pick #30

Pick #31

Pick #32

Pick #33

Pick #34

Pick #35

Pick #36

Pick #37

Pick #38

Pick #39

Pick #40

Pick #41

Pick #42

Pick #43

Pick #44

Pick #45

Pick #46

Pick #47

Pick #48

Pick #49

Pick #50

Pick #51

Pick #52

Pick #53

Pick #54

Pick #55

Pick #56

Pick #57

Pick #58

Pick #59

Pick #60

Pick #61

Pick #62

Pick #63

Pick #64

Pick #65

Pick #66

Pick #67

Pick #68

Pick #69

Pick #70

Pick #71

Pick #72

Pick #73

Pick #74

Pick #75

Pick #76

Pick #77

Pick #78

Pick #79

Pick #80

Pick #81

Pick #82

Pick #83

Pick #84

Pick #85

Pick #86

Pick #87

Pick #88

Pick #89

Pick #90

Pick #91

Pick #92

Pick #93

Pick #94

Pick #95

Pick #96

Pick #97

Pick #98

Pick #99

Pick #100

Pick #101

Pick #102

Pick #103

Pick #104

Pick #105

Pick #106

Pick #107

Pick #108

Pick #109

Pick #110

Pick #111

Pick #112

Pick #113

Pick #114

Pick #115

Pick #116

Pick #117

Pick #118

Pick #119

Pick #120

Pick #121

Pick #122

Pick #123

Pick #124

Pick #125

Pick #126

Pick #127

Pick #128

Pick #129

Pick #130

Full Scoreboard »»

Capitals vs Canucks

Created - February 11, 2024 at 22:52

Goals
1 2 3 T
Capitals 1 0 0 1
Canucks 1 3 2 6
Shots
1 2 3 T
Capitals 8 5 6 19
Canucks 17 13 19 49

GoalsPenalties
1st period
1. Canucks , Ryan Nugent-Hopkins 16 (Mitch Marner 30) at 5:09
2. Capitals , Elias Pettersson 19 (Jonas Siegenthaler 24) at 9:45
No Penalty
2nd period
3. Canucks , Conor Garland 9 (Bowen Byram 20, Jeremy Swayman) at 11:03 (PP)
4. Canucks , Ryan Nugent-Hopkins 17 (Martin Necas 19, Brayden Point 28) at 11:53 (PP)
5. Canucks , Boone Jenner 10 (Samuel Girard 24, Mathew Barzal 19) at 12:25 (PP)
Quinton Byfield (WSH) for Attempt to injure (Major / Game Misconduct) at 7:49
Samuel Girard (VAN) for Holding (Minor) at 18:55
3rd period
6. Canucks , Samuel Girard 6 (Brayden Point 29, Mathew Barzal 20) at 11:12
7. Canucks , Bowen Byram 8 (Jordan Spence 6, Mathew Barzal 21) at 14:06
Scott Harrington (VAN) for Hooking (Minor) at 1:18
Calen Addison (WSH) for Hooking (Minor) at 5:37
Goalie Stats
Pyotr Kochetkov (WSH), 43 saves from 49 shots - (0.878), L, 7-21-3, 60:00 minutes
Jeremy Swayman (VAN), 18 saves from 19 shots - (0.947), W, 18-13-5, 60:00 minutes
3 StarsOfficial
1 - Ryan Nugent-Hopkins (VAN)
2 - Bowen Byram (VAN)
3 - Mathew Barzal (VAN)
Referees : Tim Mayer and Pierre Lambert
Linesman : Travis Gawryletz and Ryan Galloway
Game Note
Brad Hunt is injured at 2:26 of 1st period (Right Leg)
Quinton Byfield (WSH) for Attempt to injure (Major / Game Misconduct) at 7:49
Quinton Byfield ejected from game at 7:49 of 2nd period
Noah Dobson is injured at 11:57 of 2nd period (Lower Body)
Finance
Level 1 -- Attendance: 5676 (87.32%) -- Ticket Income $681,120
Level 2 -- Attendance: 5000 (100.00%) -- Ticket Income $425,000
Level 3 -- Attendance: 3165 (90.43%) -- Ticket Income $158,250
Level 4 -- Attendance: 2760 (94.85%) -- Ticket Income $96,600
Luxury Box -- Attendance: 985 (98.50%) -- Ticket Income $197,000
Game was played at the Rogers Arena.
Total Attendance: 17586 (93.00%)
Total Ticket Income: $1,557,970
Other Income: $389,492
Total Income: $1,947,462



Team Name Goals Shots Shots Attemp Shots Blocked PIM HIT PP PK FO%
Capitals 119472017180 / 2 (0%)347%
Canucks 6499894283 / 5 (60%)053%

Capitals
Player Name POS G A P +/- PIM HIT SHT SB MP PP MP PP SHT PK MP PK SHT FO% FOT
Alex ChiassonRW0000001013:590:0000:5900% 0
Ben HuttonD000-2000127:113:1403:2100% 0
Brad HuntD000000010:520:0000:0000% 0
Calen AddisonD0001200112:250:4400:4900% 0
Cody CeciD000-2021729:102:1313:2200% 0
David KampfC000-2000115:460:1800:52050% 2
Elias PetterssonC1010017020:281:4000:00060% 15
Jonas SiegenthalerD0110040426:101:2703:3000% 0
Jordan GreenwayLW0000052024:542:1814:11046% 13
Kaapo KakkoRW000000008:010:0000:0000% 0
Kevin LabancRW0000001020:432:1800:00029% 7
Matias MaccelliLW000-2011017:051:5801:180100% 1
Michael RasmussenC0000022114:270:0001:55053% 17
Morgan FrostC000000002:240:0000:0000% 0
Noah DobsonD0000001412:410:0001:5500% 0
Pavel ZachaC000-2021022:051:4003:45031% 16
Quinton ByfieldC000-1151005:040:0000:0000% 0
Tyler JohnsonC0000002019:352:0011:55050% 6
Canucks
Player Name POS G A P +/- PIM HIT SHT SB MP PP MP PP SHT PK MP PK SHT FO% FOT
Alex NewhookC000001106:420:0000:0000% 0
Boone JennerC1010038016:173:3642:49168% 25
Boris KatchoukLW000002206:420:0000:000100% 1
Bowen ByramD1121031224:393:1102:4900% 0
Brayden PointC0221013020:243:2200:12057% 23
Cody GlassC000000007:510:0001:09020% 5
Conor GarlandRW1010013013:283:3620:0000% 1
J.J. MoserD0000014118:243:4711:4300% 0
Jason ZuckerLW0001040015:400:0000:00050% 2
Jordan SpenceD0111011018:390:0000:0000% 0
Kevin HayesC000001209:520:0000:0000% 1
Martin NecasC0111012120:123:2200:0000% 0
Mathew BarzalC0331023120:263:3600:000100% 2
Mitch MarnerC/LW/RW0111026020:113:2201:09050% 2
Ryan Nugent-HopkinsC20210111022:043:4762:37033% 15
Samuel GirardD1121231221:503:1101:0900% 0
Scott HarringtonD0000201012:530:0000:0000% 0
Ty SmithD0001010219:460:0002:1500% 0



Play-by-Play

1st period


0:01 of 1st period - Brayden Point wins face-off versus Elias Pettersson in neutral zone.
0:30 of 1st period - Shot by Brayden Point.
0:30 of 1st period - Shot Blocked by Noah Dobson.
0:36 of 1st period - Shot by Mathew Barzal.
0:36 of 1st period - Stopped by Pyotr Kochetkov without a rebound.
0:37 of 1st period - Pavel Zacha wins face-off versus Ryan Nugent-Hopkins in Capitals zone.
0:42 of 1st period - Shot by Mitch Marner.
0:42 of 1st period - Stopped by Pyotr Kochetkov without a rebound.
0:43 of 1st period - Boone Jenner wins face-off versus Michael Rasmussen in Capitals zone.
0:45 of 1st period - Kevin Hayes is hit by Quinton Byfield and loses puck.
1:59 of 1st period - Icing by Jonas Siegenthaler.
2:00 of 1st period - Boris Katchouk wins face-off versus Pavel Zacha in Capitals zone.
2:05 of 1st period - Shot by Alex Newhook.
2:05 of 1st period - Stopped by Pyotr Kochetkov with a rebound.
2:19 of 1st period - Matias Maccelli is hit by Alex Newhook and loses puck.
2:24 of 1st period - Shot by Boris Katchouk.
2:24 of 1st period - Stopped by Pyotr Kochetkov with a rebound.
2:26 of 1st period - Shot by Boris Katchouk.
2:26 of 1st period - Shot Blocked by Brad Hunt.
2:26 of 1st period - Brad Hunt from Capitals is injured at 2:26 of 1st period (Right Leg).
2:27 of 1st period - Elias Pettersson wins face-off versus Ryan Nugent-Hopkins in Capitals zone.
2:29 of 1st period - Kevin Labanc is hit by Ryan Nugent-Hopkins and loses puck.
2:34 of 1st period - Elias Pettersson is hit by Mitch Marner and loses puck.
2:59 of 1st period - Elias Pettersson is hit by Jason Zucker and loses puck.
3:04 of 1st period - Shot by Samuel Girard.
3:04 of 1st period - Shot Misses the Net.
3:42 of 1st period - Shot by Mathew Barzal.
3:42 of 1st period - Stopped by Pyotr Kochetkov with a rebound.
3:44 of 1st period - Shot by Martin Necas.
3:44 of 1st period - Shot Blocked by Jonas Siegenthaler.
3:46 of 1st period - Shot by Jordan Spence.
3:46 of 1st period - Stopped by Pyotr Kochetkov with a rebound.
3:48 of 1st period - Shot by Jordan Spence.
3:48 of 1st period - Shot Misses the Net.
3:50 of 1st period - Shot by Brayden Point.
3:50 of 1st period - Shot Blocked by Ben Hutton.
4:47 of 1st period - Shot by Morgan Frost.
4:47 of 1st period - Shot Misses the Net.
4:49 of 1st period - Shot by David Kampf.
4:49 of 1st period - Shot Misses the Net.
4:51 of 1st period - Shot by Morgan Frost.
4:51 of 1st period - Shot Misses the Net.
4:53 of 1st period - Shot by Noah Dobson.
4:53 of 1st period - Stopped by Jeremy Swayman without a rebound.
4:54 of 1st period - Ryan Nugent-Hopkins wins face-off versus Kevin Labanc in Canucks zone.
4:59 of 1st period - Shot by Ryan Nugent-Hopkins.
4:59 of 1st period - Shot Misses the Net.
5:01 of 1st period - Shot by Ryan Nugent-Hopkins.
5:01 of 1st period - Shot Misses the Net.
5:03 of 1st period - Shot by Ryan Nugent-Hopkins.
5:03 of 1st period - Shot Misses the Net.
5:09 of 1st period - Shot by Ryan Nugent-Hopkins.
5:09 of 1st period - Goal by Ryan Nugent-Hopkins - Capitals : 0 - Canucks : 1.
5:10 of 1st period - Michael Rasmussen wins face-off versus Cody Glass in neutral zone.
5:13 of 1st period - Shot by Tyler Johnson.
5:13 of 1st period - Shot Misses the Net.
6:15 of 1st period - Shot by Elias Pettersson.
6:15 of 1st period - Shot Misses the Net.
7:11 of 1st period - Shot by Mitch Marner.
7:11 of 1st period - Shot Blocked by Noah Dobson.
7:17 of 1st period - Shot by Ryan Nugent-Hopkins.
7:17 of 1st period - Stopped by Pyotr Kochetkov without a rebound.
7:18 of 1st period - Pavel Zacha wins face-off versus Boone Jenner in Capitals zone.
7:22 of 1st period - David Kampf is hit by Samuel Girard and loses puck.
7:35 of 1st period - Shot by Boone Jenner.
7:35 of 1st period - Shot Misses the Net.
7:37 of 1st period - Shot by Boone Jenner.
7:37 of 1st period - Stopped by Pyotr Kochetkov with a rebound.
8:23 of 1st period - Shot by Mitch Marner.
8:23 of 1st period - Shot Misses the Net.
8:25 of 1st period - Shot by Mitch Marner.
8:25 of 1st period - Stopped by Pyotr Kochetkov with a rebound.
8:27 of 1st period - Shot by J.J. Moser.
8:27 of 1st period - Deflect By Mitch Marner.
8:27 of 1st period - Shot Misses the Net.
8:33 of 1st period - Shot by Mitch Marner.
8:33 of 1st period - Stopped by Pyotr Kochetkov without a rebound.
8:34 of 1st period - Elias Pettersson wins face-off versus Cody Glass in Capitals zone.
8:34 of 1st period - Elias Pettersson is hit by Boris Katchouk.
8:52 of 1st period - Noah Dobson is hit by Bowen Byram and loses puck.
9:13 of 1st period - Shot by Elias Pettersson.
9:13 of 1st period - Stopped by Jeremy Swayman with a rebound.
9:15 of 1st period - Shot by Elias Pettersson.
9:15 of 1st period - Stopped by Jeremy Swayman without a rebound.
9:16 of 1st period - Mitch Marner wins face-off versus Michael Rasmussen in Canucks zone.
9:41 of 1st period - Shot by Michael Rasmussen.
9:41 of 1st period - Deflect By Alex Chiasson.
9:41 of 1st period - Stopped by Jeremy Swayman without a rebound.
9:42 of 1st period - Elias Pettersson wins face-off versus Brayden Point in Canucks zone.
9:45 of 1st period - Shot by Elias Pettersson.
9:45 of 1st period - Goal by Elias Pettersson - Capitals : 1 - Canucks : 1.
9:46 of 1st period - Brayden Point wins face-off versus Elias Pettersson in neutral zone.
10:44 of 1st period - Icing by Mitch Marner.
10:45 of 1st period - Pavel Zacha wins face-off versus Ryan Nugent-Hopkins in Canucks zone.
11:26 of 1st period - Shot by Ryan Nugent-Hopkins.
11:26 of 1st period - Stopped by Pyotr Kochetkov with a rebound.
11:48 of 1st period - Shot by Kevin Hayes.
11:48 of 1st period - Stopped by Pyotr Kochetkov without a rebound.
11:49 of 1st period - Brayden Point wins face-off versus Kevin Labanc in Capitals zone.
12:12 of 1st period - Shot by Mathew Barzal.
12:12 of 1st period - Shot Misses the Net.
12:14 of 1st period - Shot by Ty Smith.
12:14 of 1st period - Shot Misses the Net.
12:25 of 1st period - Icing by Elias Pettersson.
12:26 of 1st period - Kevin Labanc wins face-off versus Kevin Hayes in Capitals zone.
12:26 of 1st period - Kevin Labanc is hit by Conor Garland.
12:51 of 1st period - Shot by Kevin Hayes.
12:51 of 1st period - Stopped by Pyotr Kochetkov with a rebound.
12:53 of 1st period - Shot by Boone Jenner.
12:53 of 1st period - Stopped by Pyotr Kochetkov without a rebound.
12:54 of 1st period - Jason Zucker wins face-off versus Tyler Johnson in Capitals zone.
14:05 of 1st period - Shot by Brayden Point.
14:05 of 1st period - Shot Misses the Net.
14:07 of 1st period - Shot by J.J. Moser.
14:07 of 1st period - Stopped by Pyotr Kochetkov without a rebound.
14:08 of 1st period - Boone Jenner wins face-off versus Elias Pettersson in Capitals zone.
14:37 of 1st period - Kevin Labanc is hit by Boone Jenner and loses puck.
14:54 of 1st period - Michael Rasmussen is hit by Kevin Hayes and loses puck.
15:35 of 1st period - Shot by Brayden Point.
15:35 of 1st period - Stopped by Pyotr Kochetkov without a rebound.
15:36 of 1st period - Elias Pettersson wins face-off versus Ryan Nugent-Hopkins in Capitals zone.
15:36 of 1st period - Elias Pettersson is hit by Mitch Marner.
15:52 of 1st period - Shot by Elias Pettersson.
15:52 of 1st period - Stopped by Jeremy Swayman with a rebound.
15:58 of 1st period - Shot by Elias Pettersson.
15:58 of 1st period - Stopped by Jeremy Swayman without a rebound.
15:59 of 1st period - Tyler Johnson wins face-off versus Cody Glass in Canucks zone.
15:59 of 1st period - Tyler Johnson is hit by Samuel Girard.
17:28 of 1st period - Shot by Noah Dobson.
17:28 of 1st period - Shot Misses the Net.
17:32 of 1st period - Shot by Matias Maccelli.
17:32 of 1st period - Shot Misses the Net.
18:14 of 1st period - Ryan Nugent-Hopkins is hit by Michael Rasmussen.
18:37 of 1st period - Shot by Kevin Labanc.
18:37 of 1st period - Stopped by Jeremy Swayman without a rebound.
18:38 of 1st period - Boone Jenner wins face-off versus Pavel Zacha in Canucks zone.
18:51 of 1st period - Shot by Matias Maccelli.
18:51 of 1st period - Shot Misses the Net.
18:54 of 1st period - Icing by Samuel Girard.
18:55 of 1st period - Boone Jenner wins face-off versus Elias Pettersson in Canucks zone.
18:55 of 1st period - Boone Jenner is hit by Jordan Greenway.
19:42 of 1st period - Mitch Marner is hit by Jordan Greenway and loses puck.
19:51 of 1st period - Shot by Mitch Marner.
19:51 of 1st period - Shot Misses the Net.
Goals for this period are 1 for Capitals vs 1 for Canucks.
Shots for this period are 8 for Capitals vs 17 for Canucks.

2nd period


0:01 of 2nd period - Matias Maccelli wins face-off versus Brayden Point in neutral zone.
0:34 of 2nd period - Shot by Martin Necas.
0:34 of 2nd period - Shot Misses the Net.
0:41 of 2nd period - Noah Dobson is hit by Bowen Byram and loses puck.
1:04 of 2nd period - Shot by Kevin Labanc.
1:04 of 2nd period - Shot Misses the Net.
1:06 of 2nd period - Shot by Ben Hutton.
1:06 of 2nd period - Shot Blocked by Bowen Byram.
1:08 of 2nd period - Shot by Quinton Byfield.
1:08 of 2nd period - Shot Blocked by Martin Necas.
1:36 of 2nd period - Shot by J.J. Moser.
1:36 of 2nd period - Stopped by Pyotr Kochetkov without a rebound.
1:37 of 2nd period - Boone Jenner wins face-off versus Michael Rasmussen in Capitals zone.
1:41 of 2nd period - Boone Jenner is hit by Jonas Siegenthaler and loses puck.
1:48 of 2nd period - Shot by Conor Garland.
1:48 of 2nd period - Stopped by Pyotr Kochetkov without a rebound.
1:49 of 2nd period - Ryan Nugent-Hopkins wins face-off versus Pavel Zacha in Capitals zone.
2:22 of 2nd period - Shot by Ryan Nugent-Hopkins.
2:22 of 2nd period - Shot Blocked by Noah Dobson.
2:24 of 2nd period - Shot by Ryan Nugent-Hopkins.
2:24 of 2nd period - Shot Misses the Net.
2:26 of 2nd period - Shot by Ryan Nugent-Hopkins.
2:26 of 2nd period - Stopped by Pyotr Kochetkov without a rebound.
2:27 of 2nd period - Boone Jenner wins face-off versus Tyler Johnson in Capitals zone.
2:31 of 2nd period - Kevin Hayes is hit by Jonas Siegenthaler and loses puck.
2:46 of 2nd period - Michael Rasmussen is hit by Boone Jenner and loses puck.
2:57 of 2nd period - Shot by Alex Chiasson.
2:57 of 2nd period - Deflect By Tyler Johnson.
2:57 of 2nd period - Shot Blocked by Ty Smith.
2:59 of 2nd period - Shot by Tyler Johnson.
2:59 of 2nd period - Stopped by Jeremy Swayman without a rebound.
3:00 of 2nd period - Elias Pettersson wins face-off versus Cody Glass in Canucks zone.
3:04 of 2nd period - Kevin Labanc is hit by Jordan Spence and loses puck.
4:59 of 2nd period - David Kampf is hit by Mathew Barzal.
5:31 of 2nd period - Icing by Martin Necas.
5:32 of 2nd period - Brayden Point wins face-off versus Michael Rasmussen in Canucks zone.
6:04 of 2nd period - Icing by J.J. Moser.
6:05 of 2nd period - Tyler Johnson wins face-off versus Brayden Point in Canucks zone.
6:21 of 2nd period - Cody Ceci is hit by Boone Jenner and loses puck.
6:44 of 2nd period - Shot by Kevin Hayes.
6:44 of 2nd period - Shot Misses the Net.
6:46 of 2nd period - Shot by Boone Jenner.
6:46 of 2nd period - Shot Blocked by Cody Ceci.
6:54 of 2nd period - Shot by Bowen Byram.
6:54 of 2nd period - Shot Blocked by Cody Ceci.
6:56 of 2nd period - Shot by Kevin Hayes.
6:56 of 2nd period - Shot Blocked by Jonas Siegenthaler.
7:02 of 2nd period - Shot by Conor Garland.
7:02 of 2nd period - Shot Blocked by Cody Ceci.
7:49 of 2nd period - Major / Game Misconduct Penalty to Quinton Byfield for Attempt to injure.
7:49 of 2nd period - Quinton Byfield is ejected from game.
7:50 of 2nd period - Jordan Greenway wins face-off versus Brayden Point in Capitals zone.
7:50 of 2nd period - Jordan Greenway is hit by Martin Necas.
7:57 of 2nd period - Icing by Mitch Marner.
7:58 of 2nd period - Brayden Point wins face-off versus Jordan Greenway in Canucks zone.
8:38 of 2nd period - Icing by Bowen Byram.
8:39 of 2nd period - Jordan Greenway wins face-off versus Conor Garland in Canucks zone.
8:45 of 2nd period - Icing by Mathew Barzal.
8:46 of 2nd period - Jordan Greenway wins face-off versus Boone Jenner in Canucks zone.
8:56 of 2nd period - Pavel Zacha is hit by Bowen Byram and loses puck.
9:02 of 2nd period - Icing by Boone Jenner.
9:03 of 2nd period - Boone Jenner wins face-off versus Jordan Greenway in Canucks zone.
9:47 of 2nd period - Icing by Bowen Byram.
9:48 of 2nd period - Mathew Barzal wins face-off versus David Kampf in Canucks zone.
10:07 of 2nd period - Shot by Ryan Nugent-Hopkins.
10:07 of 2nd period - Stopped by Pyotr Kochetkov without a rebound.
10:08 of 2nd period - Michael Rasmussen wins face-off versus Brayden Point in Capitals zone.
10:33 of 2nd period - Shot by Ryan Nugent-Hopkins.
10:33 of 2nd period - Stopped by Pyotr Kochetkov with a rebound.
10:35 of 2nd period - Shot by Ryan Nugent-Hopkins.
10:35 of 2nd period - Stopped by Pyotr Kochetkov without a rebound.
10:36 of 2nd period - Jordan Greenway wins face-off versus Boone Jenner in Capitals zone.
10:41 of 2nd period - Shot by Bowen Byram.
10:41 of 2nd period - Shot Blocked by Cody Ceci.
10:45 of 2nd period - Shot by Bowen Byram.
10:45 of 2nd period - Shot Misses the Net.
10:49 of 2nd period - Shot by Mathew Barzal.
10:49 of 2nd period - Shot Misses the Net.
11:01 of 2nd period - Shot by Conor Garland.
11:01 of 2nd period - Shot Misses the Net.
11:03 of 2nd period - Shot by Conor Garland.
11:03 of 2nd period - Goal by Conor Garland - Capitals : 1 - Canucks : 2.
11:04 of 2nd period - Brayden Point wins face-off versus Jordan Greenway in neutral zone.
11:12 of 2nd period - Shot by Ryan Nugent-Hopkins.
11:12 of 2nd period - Stopped by Pyotr Kochetkov without a rebound.
11:13 of 2nd period - Brayden Point wins face-off versus Jordan Greenway in Capitals zone.
11:31 of 2nd period - Icing by Mitch Marner.
11:32 of 2nd period - Brayden Point wins face-off versus Michael Rasmussen in Canucks zone.
11:47 of 2nd period - Shot by Ryan Nugent-Hopkins.
11:47 of 2nd period - Stopped by Pyotr Kochetkov with a rebound.
11:53 of 2nd period - Shot by Ryan Nugent-Hopkins.
11:53 of 2nd period - Goal by Ryan Nugent-Hopkins - Capitals : 1 - Canucks : 3.
11:54 of 2nd period - Boone Jenner wins face-off versus Jordan Greenway in neutral zone.
11:57 of 2nd period - Shot by Bowen Byram.
11:57 of 2nd period - Shot Blocked by Noah Dobson.
11:57 of 2nd period - Noah Dobson from Capitals is injured at 11:57 of 2nd period (Lower Body).
11:58 of 2nd period - Boone Jenner wins face-off versus Jordan Greenway in Capitals zone.
12:21 of 2nd period - Shot by Samuel Girard.
12:21 of 2nd period - Deflect By Boone Jenner.
12:21 of 2nd period - Shot Misses the Net.
12:23 of 2nd period - Shot by Boone Jenner.
12:23 of 2nd period - Stopped by Pyotr Kochetkov with a rebound.
12:25 of 2nd period - Shot by Boone Jenner.
12:25 of 2nd period - Goal by Boone Jenner - Capitals : 1 - Canucks : 4.
12:26 of 2nd period - Brayden Point wins face-off versus Jordan Greenway in neutral zone.
12:39 of 2nd period - Cody Ceci is hit by Brayden Point and loses puck.
13:17 of 2nd period - Elias Pettersson is hit by Boris Katchouk and loses puck.
13:30 of 2nd period - Boris Katchouk is hit by Jordan Greenway and loses puck.
14:29 of 2nd period - Icing by Elias Pettersson.
14:30 of 2nd period - Elias Pettersson wins face-off versus Ryan Nugent-Hopkins in Capitals zone.
14:57 of 2nd period - Shot by Matias Maccelli.
14:57 of 2nd period - Stopped by Jeremy Swayman without a rebound.
14:58 of 2nd period - Boone Jenner wins face-off versus Michael Rasmussen in Canucks zone.
14:58 of 2nd period - Boone Jenner is hit by Michael Rasmussen.
15:10 of 2nd period - Shot by Michael Rasmussen.
15:10 of 2nd period - Stopped by Jeremy Swayman without a rebound.
15:11 of 2nd period - Brayden Point wins face-off versus Pavel Zacha in Canucks zone.
15:11 of 2nd period - Brayden Point is hit by Matias Maccelli.
15:17 of 2nd period - Jonas Siegenthaler is hit by Mathew Barzal and loses puck.
15:28 of 2nd period - Shot by Brayden Point.
15:28 of 2nd period - Stopped by Pyotr Kochetkov without a rebound.
15:29 of 2nd period - Michael Rasmussen wins face-off versus Mitch Marner in Capitals zone.
15:29 of 2nd period - Michael Rasmussen is hit by Jason Zucker.
16:54 of 2nd period - Shot by Martin Necas.
16:54 of 2nd period - Shot Misses the Net.
16:56 of 2nd period - Shot by Bowen Byram.
16:56 of 2nd period - Shot Misses the Net.
18:14 of 2nd period - Shot by Kaapo Kakko.
18:14 of 2nd period - Shot Blocked by Samuel Girard.
18:55 of 2nd period - Minor Penalty to Samuel Girard for Holding.
18:56 of 2nd period - Pavel Zacha wins face-off versus Boone Jenner in Canucks zone.
19:01 of 2nd period - Shot by Pavel Zacha.
19:01 of 2nd period - Deflect By Matias Maccelli.
19:01 of 2nd period - Shot Hit the Post.
19:03 of 2nd period - Shot by Cody Ceci.
19:03 of 2nd period - Stopped by Jeremy Swayman without a rebound.
19:04 of 2nd period - Boone Jenner wins face-off versus Pavel Zacha in Canucks zone.
19:23 of 2nd period - Shot by Matias Maccelli.
19:23 of 2nd period - Shot Misses the Net.
19:59 of 2nd period - Shot by Jordan Greenway.
19:59 of 2nd period - Stopped by Jeremy Swayman without a rebound.
Goals for this period are 0 for Capitals vs 3 for Canucks.
Shots for this period are 5 for Capitals vs 13 for Canucks.

3rd period


0:01 of 3rd period - Tyler Johnson wins face-off versus Boone Jenner in neutral zone.
0:27 of 3rd period - Icing by Kevin Labanc.
0:28 of 3rd period - Boone Jenner wins face-off versus Tyler Johnson in Capitals zone.
0:43 of 3rd period - Shot by Ryan Nugent-Hopkins.
0:43 of 3rd period - Deflect By Boone Jenner.
0:43 of 3rd period - Stopped by Pyotr Kochetkov without a rebound.
0:44 of 3rd period - Boone Jenner wins face-off versus Pavel Zacha in Capitals zone.
1:18 of 3rd period - Minor Penalty to Scott Harrington for Hooking.
1:19 of 3rd period - Boone Jenner wins face-off versus Pavel Zacha in Canucks zone.
1:28 of 3rd period - Samuel Girard is hit by Elias Pettersson and loses puck.
1:41 of 3rd period - Shot by Matias Maccelli.
1:41 of 3rd period - Shot Misses the Net.
1:43 of 3rd period - Shot by Elias Pettersson.
1:43 of 3rd period - Shot Hit the Post.
2:21 of 3rd period - Shot by Jonas Siegenthaler.
2:21 of 3rd period - Shot Misses the Net.
2:27 of 3rd period - Shot by Tyler Johnson.
2:27 of 3rd period - Stopped by Jeremy Swayman without a rebound.
2:28 of 3rd period - Boone Jenner wins face-off versus Kevin Labanc in Canucks zone.
3:16 of 3rd period - Cody Glass is hit by Jordan Greenway and loses puck.
3:45 of 3rd period - Shot by Pavel Zacha.
3:45 of 3rd period - Shot Blocked by Mathew Barzal.
4:28 of 3rd period - Off-side.
4:29 of 3rd period - Kevin Labanc wins face-off versus Ryan Nugent-Hopkins in neutral zone.
4:42 of 3rd period - Shot by Jordan Greenway.
4:42 of 3rd period - Shot Misses the Net.
5:14 of 3rd period - Shot by Ryan Nugent-Hopkins.
5:14 of 3rd period - Shot Misses the Net.
5:27 of 3rd period - Boone Jenner is hit by Cody Ceci and loses puck.
5:32 of 3rd period - Shot by Conor Garland.
5:32 of 3rd period - Shot Blocked by Calen Addison.
5:34 of 3rd period - Shot by Boone Jenner.
5:34 of 3rd period - Stopped by Pyotr Kochetkov with a rebound.
5:36 of 3rd period - Shot by Boone Jenner.
5:36 of 3rd period - Shot Blocked by Michael Rasmussen.
5:37 of 3rd period - Minor Penalty to Calen Addison for Hooking.
5:38 of 3rd period - Jordan Greenway wins face-off versus Boone Jenner in Capitals zone.
6:01 of 3rd period - Shot by Ryan Nugent-Hopkins.
6:01 of 3rd period - Shot Misses the Net.
6:03 of 3rd period - Shot by Conor Garland.
6:03 of 3rd period - Stopped by Pyotr Kochetkov with a rebound.
6:05 of 3rd period - Shot by J.J. Moser.
6:05 of 3rd period - Stopped by Pyotr Kochetkov without a rebound.
6:06 of 3rd period - Jordan Greenway wins face-off versus Brayden Point in Capitals zone.
6:34 of 3rd period - Shot by Bowen Byram.
6:34 of 3rd period - Deflect By Martin Necas.
6:34 of 3rd period - Shot Blocked by Cody Ceci.
6:46 of 3rd period - Shot by Samuel Girard.
6:46 of 3rd period - Shot Misses the Net.
6:48 of 3rd period - Shot by Bowen Byram.
6:48 of 3rd period - Shot Blocked by Cody Ceci.
7:05 of 3rd period - Shot by Mathew Barzal.
7:05 of 3rd period - Deflect By Boone Jenner.
7:05 of 3rd period - Stopped by Pyotr Kochetkov without a rebound.
7:06 of 3rd period - Mathew Barzal wins face-off versus Michael Rasmussen in Capitals zone.
7:24 of 3rd period - Mathew Barzal is hit by Jonas Siegenthaler and loses puck.
7:35 of 3rd period - Shot by Boone Jenner.
7:35 of 3rd period - Stopped by Pyotr Kochetkov with a rebound.
7:37 of 3rd period - Shot by Boone Jenner.
7:37 of 3rd period - Shot Blocked by David Kampf.
9:00 of 3rd period - Michael Rasmussen is hit by Ty Smith and loses puck.
9:09 of 3rd period - Icing by Alex Chiasson.
9:10 of 3rd period - Michael Rasmussen wins face-off versus Boone Jenner in Capitals zone.
9:12 of 3rd period - Icing by Alex Chiasson.
9:13 of 3rd period - Michael Rasmussen wins face-off versus Jason Zucker in Capitals zone.
9:44 of 3rd period - Michael Rasmussen is hit by Jason Zucker and loses puck.
10:31 of 3rd period - Shot by Elias Pettersson.
10:31 of 3rd period - Shot Blocked by Bowen Byram.
10:33 of 3rd period - Shot by Jordan Greenway.
10:33 of 3rd period - Stopped by Jeremy Swayman without a rebound.
10:34 of 3rd period - Pavel Zacha wins face-off versus Brayden Point in Canucks zone.
10:42 of 3rd period - Shot by David Kampf.
10:42 of 3rd period - Deflect By Matias Maccelli.
10:42 of 3rd period - Shot Blocked by Samuel Girard.
11:12 of 3rd period - Shot by Samuel Girard.
11:12 of 3rd period - Goal by Samuel Girard - Capitals : 1 - Canucks : 5.
11:13 of 3rd period - Ryan Nugent-Hopkins wins face-off versus Kevin Labanc in neutral zone.
11:19 of 3rd period - Ryan Nugent-Hopkins is hit by Jordan Greenway and loses puck.
11:32 of 3rd period - Icing by Calen Addison.
11:33 of 3rd period - Boone Jenner wins face-off versus Elias Pettersson in Capitals zone.
11:33 of 3rd period - J.J. Moser is hit by Cody Ceci and loses puck.
11:42 of 3rd period - Shot by Elias Pettersson.
11:42 of 3rd period - Stopped by Jeremy Swayman with a rebound.
11:45 of 3rd period - Icing by Boone Jenner.
11:46 of 3rd period - Boone Jenner wins face-off versus Pavel Zacha in Canucks zone.
12:26 of 3rd period - Shot by Scott Harrington.
12:26 of 3rd period - Stopped by Pyotr Kochetkov without a rebound.
12:27 of 3rd period - Elias Pettersson wins face-off versus Brayden Point in Capitals zone.
12:50 of 3rd period - Shot by Martin Necas.
12:50 of 3rd period - Stopped by Pyotr Kochetkov without a rebound.
12:51 of 3rd period - Michael Rasmussen wins face-off versus Ryan Nugent-Hopkins in Capitals zone.
12:55 of 3rd period - Icing by Tyler Johnson.
12:56 of 3rd period - Michael Rasmussen wins face-off versus Ryan Nugent-Hopkins in Capitals zone.
13:10 of 3rd period - Shot by Ryan Nugent-Hopkins.
13:10 of 3rd period - Deflect By Mitch Marner.
13:10 of 3rd period - Stopped by Pyotr Kochetkov without a rebound.
13:11 of 3rd period - Brayden Point wins face-off versus Elias Pettersson in Capitals zone.
13:11 of 3rd period - Brayden Point is hit by Jonas Siegenthaler.
13:40 of 3rd period - Icing by Martin Necas.
13:41 of 3rd period - David Kampf wins face-off versus Brayden Point in Canucks zone.
14:00 of 3rd period - Shot by Martin Necas.
14:00 of 3rd period - Stopped by Pyotr Kochetkov with a rebound.
14:02 of 3rd period - Shot by Mathew Barzal.
14:02 of 3rd period - Shot Misses the Net.
14:04 of 3rd period - Shot by Jordan Spence.
14:04 of 3rd period - Shot Misses the Net.
14:06 of 3rd period - Shot by Bowen Byram.
14:06 of 3rd period - Goal by Bowen Byram - Capitals : 1 - Canucks : 6.
14:07 of 3rd period - Elias Pettersson wins face-off versus Ryan Nugent-Hopkins in neutral zone.
14:07 of 3rd period - Kevin Labanc is hit by Jason Zucker and loses puck.
14:20 of 3rd period - Shot by Elias Pettersson.
14:20 of 3rd period - Shot Blocked by Ty Smith.
14:22 of 3rd period - Shot by Jordan Greenway.
14:22 of 3rd period - Shot Misses the Net.
14:26 of 3rd period - Shot by Elias Pettersson.
14:26 of 3rd period - Shot Misses the Net.
14:37 of 3rd period - Elias Pettersson is hit by Samuel Girard and loses puck.
14:55 of 3rd period - Icing by Jason Zucker.
14:56 of 3rd period - Ryan Nugent-Hopkins wins face-off versus Pavel Zacha in Canucks zone.
14:56 of 3rd period - Ryan Nugent-Hopkins is hit by Pavel Zacha.
15:23 of 3rd period - Shot by Brayden Point.
15:23 of 3rd period - Shot Misses the Net.
15:25 of 3rd period - Shot by Mathew Barzal.
15:25 of 3rd period - Shot Blocked by Cody Ceci.
15:27 of 3rd period - Shot by Brayden Point.
15:27 of 3rd period - Stopped by Pyotr Kochetkov without a rebound.
15:28 of 3rd period - Michael Rasmussen wins face-off versus Boone Jenner in Capitals zone.
15:43 of 3rd period - Shot by Michael Rasmussen.
15:43 of 3rd period - Shot Misses the Net.
15:45 of 3rd period - Shot by Michael Rasmussen.
15:45 of 3rd period - Stopped by Jeremy Swayman without a rebound.
15:46 of 3rd period - Brayden Point wins face-off versus Kevin Labanc in Canucks zone.
15:55 of 3rd period - Shot by Mathew Barzal.
15:55 of 3rd period - Stopped by Pyotr Kochetkov with a rebound.
16:15 of 3rd period - Off-side.
16:16 of 3rd period - Ryan Nugent-Hopkins wins face-off versus Pavel Zacha in neutral zone.
16:25 of 3rd period - Shot by Mitch Marner.
16:25 of 3rd period - Stopped by Pyotr Kochetkov without a rebound.
16:26 of 3rd period - Michael Rasmussen wins face-off versus Ryan Nugent-Hopkins in Capitals zone.
16:48 of 3rd period - Shot by Ryan Nugent-Hopkins.
16:48 of 3rd period - Stopped by Pyotr Kochetkov with a rebound.
16:50 of 3rd period - Shot by Ryan Nugent-Hopkins.
16:50 of 3rd period - Shot Misses the Net.
16:54 of 3rd period - Shot by Mitch Marner.
16:54 of 3rd period - Shot Blocked by Jonas Siegenthaler.
16:56 of 3rd period - Shot by Samuel Girard.
16:56 of 3rd period - Shot Blocked by Jonas Siegenthaler.
16:58 of 3rd period - Shot by Mitch Marner.
16:58 of 3rd period - Stopped by Pyotr Kochetkov without a rebound.
16:59 of 3rd period - Elias Pettersson wins face-off versus Brayden Point in Capitals zone.
17:08 of 3rd period - Shot by Jordan Greenway.
17:08 of 3rd period - Shot Misses the Net.
18:14 of 3rd period - Shot by Pavel Zacha.
18:14 of 3rd period - Stopped by Jeremy Swayman with a rebound.
18:50 of 3rd period - Shot by Boone Jenner.
18:50 of 3rd period - Shot Misses the Net.
18:52 of 3rd period - Shot by J.J. Moser.
18:52 of 3rd period - Stopped by Pyotr Kochetkov without a rebound.
18:53 of 3rd period - Cody Glass wins face-off versus Michael Rasmussen in Capitals zone.
18:56 of 3rd period - Shot by Alex Newhook.
18:56 of 3rd period - Deflect By Boris Katchouk.
18:56 of 3rd period - Stopped by Pyotr Kochetkov with a rebound.
19:18 of 3rd period - Shot by Michael Rasmussen.
19:18 of 3rd period - Shot Blocked by J.J. Moser.
19:51 of 3rd period - Elias Pettersson is hit by J.J. Moser and loses puck.
19:56 of 3rd period - Shot by Elias Pettersson.
19:56 of 3rd period - Stopped by Jeremy Swayman without a rebound.
19:57 of 3rd period - Brayden Point wins face-off versus Pavel Zacha in Canucks zone.
19:57 of 3rd period - Martin Necas is hit by Pavel Zacha and loses puck.
Goals for this period are 0 for Capitals vs 2 for Canucks.
Shots for this period are 6 for Capitals vs 19 for Canucks.